 Dungeon Crawl Stone Soup version 0.20-a0-1117-g62da73f (webtiles) character file.

5236 GEC the Cleaver (level 10, 0/91 HPs)
             Began as a Minotaur Berserker on May 9, 2017.
             Was an Elder of Trog.
             Slain by a hornet (6 damage)
             ... on level 8 of the Dungeon on May 10, 2017.
             The game lasted 00:36:14 (9380 turns).

GEC the Cleaver (Minotaur Berserker)                Turns: 9380, Time: 00:36:15

Health: 0/91       AC:  6    Str: 25    XL:     10   Next: 35%
Magic:  9/9        EV: 14    Int:  4    God:    Trog [****..]
Gold:   427        SH:  0    Dex: 10    Spells: 9/9 levels left

rFire    . . .     SeeInvis .   C - +0 war axe
rCold    . . .     Gourm    .   (no shield)
rNeg     + . .     Faith    .   m - +0 ring mail
rPois    +         Spirit   .   (helmet restricted)
rElec    .         Reflect  .   w - scarf {repulsion}
rCorr    .         Harm     .   (no gloves)
MR       .....                  (no boots)
Stlth    ++........             (no amulet)
Regen    0.3/turn               u - ring of positive energy
MPRegen  0.2/turn               t - ring of poison resistance

@: slowed, repel missiles, very slow
A: retaliatory headbutt, horns 2
a: Berserk, Trog's Hand, Brothers in Arms, Burn Spellbooks, Renounce Religion


You were on level 8 of the Dungeon.
You worshipped Trog.
Trog was greatly pleased with you.
You were very hungry.

You visited 1 branch of the dungeon, and saw 8 of its levels.
You also visited: Ossuary.

You collected 563 gold pieces.
You spent 136 gold pieces at shops.

Inventory:

Hand Weapons
 a - a +0 hand axe
 C - a +0 war axe (weapon)
Missiles
 d - 2 throwing nets (quivered)
 B - 6 javelins of returning
 D - 5 javelins
 F - 8 poisoned javelins
Armour
 b - a +1 animal skin
 m - a +0 ring mail (worn)
 s - a +0 scale mail
 w - a scarf of repulsion (worn)
 y - a +0 leather armour
 O - a +0 plate armour of cold resistance
Jewellery
 h - an uncursed ring of resist corrosion
 t - a ring of poison resistance (right hand)
 u - a ring of positive energy (left hand)
 P - an uncursed ring of wizardry {unknown}
Wands
 g - a wand of lightning (7/15)
 o - a wand of lightning (9/15)
 A - a wand of flame (27/48)
 G - a wand of enslavement (14/24)
 I - a wand of digging (10/24)
Scrolls
 k - 7 scrolls of remove curse
 q - a scroll of fog
 H - a scroll of enchant armour
 L - a scroll of blinking
 M - 3 scrolls of teleportation
Potions
 f - a potion of magic
 i - a potion of cancellation
 j - 2 potions of brilliance
 l - 4 potions of heal wounds
 p - 2 potions of mutation
 r - 2 potions of lignification
 v - 4 potions of haste
 x - a potion of agility
 z - 3 potions of flight {unknown}
 J - 3 potions of berserk rage {unknown}
 K - a potion of ambrosia {unknown}
Comestibles
 c - 5 bread rations
 n - 6 royal jellies
 E - a meat ration
 N - 3 fruits


   Skills:
 + Level 9.4 Fighting
 + Level 12.2 Axes
 + Level 6.9 Armour
 + Level 6.7 Dodging
 + Level 4.0 Stealth


You had 9 spell levels left.
You didn't know any spells.

Dungeon Overview and Level Annotations

Branches:
Dungeon (8/15)             Temple (0/1) D:4
   Lair: D:8-11

Altars:
Ashenzari
Cheibriados
Dithmenos
Makhleb
Sif Muna
Trog

Shops:
D:5 *


Innate Abilities, Weirdness & Mutations

You reflexively headbutt those who attack you in melee.
You have a pair of horns on your head.


Message History

The hornet is severely wounded.
* * * LOW HITPOINT WARNING * * *
You feel sick. The hornet stings you!
* * * LOW HITPOINT WARNING * * *
You feel better. The hornet barely misses you. You furiously retaliate!
You headbutt the hornet, but do no damage.
The hornet stings you but does no damage.
You're too hungry.
You closely miss the hornet.
The hornet is severely wounded.
The hornet stings you.
* * * LOW HITPOINT WARNING * * *
You are poisoned.
You feel better. The hornet stings you!
* * * LOW HITPOINT WARNING * * *
You feel yourself slow down.
You eat one of the 4 fruits.
You are feeling very hungry.
That tangerine was delicious!
The hornet stings you.
You die...

##..## #..# #..# #..# ## #..# #.#
## #..# ## ##.#.# #.)## #####.
#.#y## #[..# ......## #####.#@#
######...#
#....###..#.#.#######....#..... #
#.......###.##............... ###
##.........#...............#.
..###...###....#.........####...#
.......## ##...#.......# ##...
.......# ##......)...# ##..
#...)..# #..###....## #..
#.....## #..# ##..## ##.


You could see a hornet.

Vanquished Creatures
  Pikel (D:7)
  Maurice (D:8)
  2 hornets (D:8)
  A hippogriff (D:8)
  Prince Ribbit (D:7)
  Grum (D:8)
  A hungry ghost (D:7)
  Menkaure (D:6)
  A soldier ant (D:8)
  Duvessa (D:7)
  An orc warrior (D:8)
  An ice beast (D:5)
  A black bear (D:8)
  2 necrophages
  An ogre (D:4)
  2 wolves (D:8)
  2 bullfrogs (D:6)
  Dowan (D:7)
  11 scorpions
  The ghost of Potronius the Slasher, a weakling DsGl (D:3)
  3 wights (D:6)
  3 howler monkeys (D:7)
  3 crimson imps
  6 centaur zombies
  3 human zombies (Ossuary)
  A quasit (D:8)
  A bullfrog zombie (D:6)
  A hound (D:7)
  7 orc priests
  2 bullfrog skeletons
  A gnoll shaman (D:6)
  5 orc wizards
  Jessica (D:2)
  Terence (D:2)
  2 worker ants
  An iguana (D:7)
  4 big kobold zombies (Ossuary)
  2 mummies (Ossuary)
  9 gnolls (D:6)
  9 adders
  3 scorpion zombies (Ossuary)
  A shadow imp (D:5)
  2 adder zombies (D:6)
  An ooze (D:4)
  An adder skeleton (D:4)
  3 worms
  3 dart slugs
  4 leopard geckos
  14 orcs
  5 bats
  6 giant cockroaches
  7 goblins
  7 hobgoblins
  19 jackals
  3 quokkas
  2 ball pythons
  7 frilled lizards
  3 gnoll zombies (Ossuary)
  A hobgoblin zombie (Ossuary)
  5 kobolds
  A leopard gecko zombie (D:8)
  2 orc zombies (Ossuary)
  A quokka zombie (D:5)
  5 rats
205 creatures vanquished.

Vanquished Creatures (others)
  A mummy (Ossuary)
1 creature vanquished.

Grand Total: 206 creatures vanquished

Notes
Turn   | Place    | Note
-------+----------+-------------------------------------------
     0 | D:1      | GEC the Minotaur Berserker began the quest for the Orb.
     0 | D:1      | Reached XP level 1. HP: 19/19 MP: 0/0
   307 | D:1      | Reached XP level 2. HP: 26/27 MP: 1/1
   343 | D:1      | Reached skill level 4 in Axes
  1102 | D:1      | Reached XP level 3. HP: 31/33 MP: 2/2
  1528 | D:2      | Reached ** piety under Trog
  1874 | D:2      | Reached XP level 4. HP: 35/41 MP: 3/3
  2143 | D:2      | Noticed Jessica
  2152 | D:2      | Killed Jessica
  2216 | D:2      | Reached skill level 5 in Axes
  2339 | D:2      | Noticed Terence
  2346 | D:2      | Killed Terence
  2346 | D:2      | Reached skill level 1 in Stealth
  2346 | D:2      | Reached XP level 5. HP: 47/47 MP: 4/4
  2602 | D:3      | Noticed Potronius's ghost (weakling DsGl)
  2617 | D:3      | Killed Potronius's ghost
  2860 | D:3      | Found a bloodstained altar of Trog.
  3110 | D:4      | Noticed an ogre
  3137 | D:4      | Killed an ogre
  3137 | D:4      | Reached skill level 5 in Fighting
  3137 | D:4      | Reached XP level 6. HP: 14/56 MP: 5/5
  3157 | D:4      | Found a staircase to the Ecumenical Temple.
  3391 | D:4      | Found a sand-covered staircase.
  3460 | Ossuary  | Entered an ossuary
  3484 | Ossuary  | Reached skill level 6 in Axes
  4022 | Ossuary  | Reached *** piety under Trog
  4022 | Ossuary  | Reached XP level 7. HP: 62/62 MP: 6/6
  4252 | Ossuary  | Reached skill level 7 in Axes
  4335 | Ossuary  | Reached skill level 5 in Dodging
  4877 | Ossuary  | Reached XP level 8. HP: 68/71 MP: 7/7
  4880 | Ossuary  | Reached skill level 8 in Axes
  5350 | D:5      | Entered Level 5 of the Dungeon
  5403 | D:5      | Found a snail-covered altar of Cheibriados.
  5446 | D:5      | Found a burning altar of Makhleb.
  5694 | D:5      | Found a shattered altar of Ashenzari.
  5696 | D:5      | Found a deep blue altar of Sif Muna.
  5698 | D:5      | Found a snail-covered altar of Cheibriados.
  5709 | D:5      | Found a shadowy altar of Dithmenos.
  5898 | D:5      | Found a burning altar of Makhleb.
  5999 | D:5      | Found Haown's Assorted Antiques.
  6017 | D:5      | Bought an embroidered scarf for 136 gold pieces
  6155 | D:5      | Reached **** piety under Trog
  6155 | D:5      | Reached skill level 9 in Axes
  6489 | D:6      | Noticed Menkaure
  6494 | D:6      | Killed Menkaure
  6494 | D:6      | Reached XP level 9. HP: 79/79 MP: 8/8
  6516 | D:6      | Received a gift from Trog
  6758 | D:6      | Reached skill level 10 in Axes
  7091 | D:6      | Reached skill level 5 in Armour
  7270 | D:7      | Noticed Duvessa
  7270 | D:7      | Noticed Dowan
  7277 | D:7      | Killed Duvessa
  7279 | D:7      | Killed Dowan
  7785 | D:7      | Noticed Pikel
  7800 | D:7      | Killed Pikel
  7800 | D:7      | Reached skill level 11 in Axes
  7864 | D:7      | Noticed Prince Ribbit
  8038 | D:7      | Killed Prince Ribbit
  8599 | D:8      | Noticed Maurice
  8609 | D:8      | Reached XP level 10. HP: 51/89 MP: 9/9
  8614 | D:8      | Killed Maurice
  9004 | D:8      | Noticed Grum
  9019 | D:8      | Reached skill level 12 in Axes
  9023 | D:8      | Killed Grum
  9380 | D:8      | Slain by a hornet

Vault maps used:
D:1:      nagdon_arrival_double_spiral, serial_forest,
          infiniplex_forest_diagonal, infiniplex_forest_side_room,
          infiniplex_forest_lined_2, infiniplex_forest_clump_cross,
          infiniplex_forest_clump_long, infiniplex_forest_clump_double,
          infiniplex_forest_clump_diagonal, infiniplex_forest_lined_4_way
D:2:      minmay_misc_feat_room, uniq_terence, uniq_jessica
D:3:      old_standard_altar
D:4:      minmay_temple_entry_hall, first_bread,
          nicolae_ossuary_entry_false_entrances
D:5:      grunt_temple_overflow_open, serial_shops,
          nicolae_shop_overgrown_old_shop, basic_altar, chei_slow_surprise
D:6:      uniq_menkaure
D:7:      uniq_duvessa, uniq_pikel, uniq_prince_ribbit1
D:8:      hangedman_pestilent_swarm, uniq_maurice, uniq_grum
Ossuary:  ossuary_minmay_scorpions

Skill      XL: |  1  2  3  4  5  6  7  8  9 10 |
---------------+-------------------------------+-----
Fighting       | 4 5 6 7 8 9 |  9.4
Axes           | 4 5 6 7 9 11 12 | 12.2
Dodging        | 3 4 5 6 |  6.7
Stealth        | 1 2 3 4 |  4.0
Armour         | 4 6 |  6.9

Action                   |  1- 3 |  4- 6 |  7- 9 | 10-12 || total
-------------------------+-------+-------+-------+-------++-------
Melee: Hand axe          |    90 |   149 |   107 |       ||   346
       Headbutt          |    14 |    33 |    68 |    14 ||   129
       War axe           |       |       |   182 |    59 ||   241
Invok: Berserk           |     1 |     2 |     4 |       ||     7
       Trog's Hand       |       |     2 |       |       ||     2
  Use: Scroll            |     6 |     5 |     9 |       ||    20
       Potion            |       |       |     1 |     2 ||     3
 Stab: Sleeping          |     2 |     2 |     8 |     1 ||    13
       Distracted        |       |       |     1 |       ||     1
  Eat: Chunk             |     4 |     7 |    15 |     2 ||    28
       Meat ration       |       |     1 |       |       ||     1
       Fruit             |       |       |       |     1 ||     1
Armor: Animal skin       |    15 |    30 |     6 |       ||    51
       Ring mail         |       |       |    49 |    17 ||    66
Dodge: Dodged            |    60 |    82 |   150 |    47 ||   339
       Deflected         |       |       |     1 |       ||     1
